 Dungeon Crawl Stone Soup version 0.29.1-15-g9cfb28693d (webtiles) character file.

Game seed: 11760347260554488912

8 javelincjr the Magician (level 2, -1/20 HPs)
             Began as a Demonspawn Hedge Wizard on Apr 3, 2023.
             Slain by a jackal (2 damage)
             ... on level 1 of the Dungeon.
             The game lasted 00:03:15 (365 turns).

javelincjr the Magician (Demonspawn Hedge Wizard)    Turns: 365, Time: 00:03:15

Health: -1/20      AC:  2    Str: 10    XL:     2   Next: 0%
Magic:  1/6        EV: 12    Int: 15    God:
Gold:   4          SH:  0    Dex: 12    Spells: 6/7 levels left

rFire   . . .      SeeInvis .   g - +2 whip (flame)
rCold   . . .      Faith    .   (no shield)
rNeg    . . .      Spirit   .   b - +0 robe
rPois   .          Reflect  .   c - +0 hat
rElec   .          Harm     .   (no cloak)
rCorr   .          Rampage  .   (no gloves)
Will    .....                   (no boots)
Stlth   ++........              (no amulet)
HPRegen 0.06/turn               (no ring)
MPRegen 0.10/turn               (no ring)

@: very slightly contaminated
A: horns 1
a: no special abilities


You were on level 1 of the Dungeon.
You visited 1 branch of the dungeon, and saw 1 of its levels.

You collected 4 gold pieces.

Inventory:

Hand Weapons
 a - a +0 dagger
 g - a +2 whip of flaming (weapon)
Armour
 b - a +0 robe (worn)
 c - a +0 hat (worn)
Scrolls
 e - a scroll of blinking {unknown}
Potions
 d - a potion of magic
 f - a potion of curing {unknown}


   Skills:
 * Level 0.5 Fighting
 + Level 0.3 Armour
 + Level 1.8 Dodging
 - Level 1.7 Stealth
 * Level 3.1 Spellcasting
 + Level 1.1 Conjurations
 + Level 1.1 Summonings
 + Level 1.0 Translocations


You had 6 spell levels left.
You knew the following spells:

 Your Spells              Type           Power      Damage    Failure   Level
a - Magic Dart            Conj           20%        1d4       13%         1

Your spell library contained the following spells:

 Spells                   Type           Power      Damage    Failure   Level
 Call Imp                 Summ           5%         N/A       19%         2
 Slow                     Hex            8%         N/A       21%         1
 Blink                    Tloc           10%        N/A       21%         2
 Call Canine Familiar     Summ           5%         N/A       36%         3
 Conjure Flame            Conj/Fire      4%         6-21      43%         3
 Portal Projectile        Hex/Tloc       6%         N/A       43%         3
 Mephitic Cloud           Conj/Pois/Air  3%         N/A       45%         3
 Leda's Liquefaction      Hex/Erth       1%         N/A       89%         4


Dungeon Overview and Level Annotations

Branches:
Dungeon (1/15)

Altars:


Innate Abilities, Weirdness & Mutations

You have a pair of small horns on your head.


Message History

The jackal bites you but does no damage.
The kobold throws a stone.
The stone hits you. The jackal bites you.
You hit the jackal. You burn the jackal.
You kill the jackal!
The kobold throws a stone.
The stone misses you.
You have reached level 2!
You feel monstrous as your demonic heritage exerts itself.
Your demonic ancestry asserts itself...
A pair of horns grows on your head!
A ball python comes into view.
The kobold throws a stone.
The stone hits you.
The ball python moves out of view.
The ball python hisses angrily.
Casting: Magic Dart (safe; 13% risk of failure)
Confirm with . or Enter, or press ? or * to list all spells.
Aiming: Magic Dart (safe; 13% risk of failure)
Press: ? - help, Shift-Dir - straight line, f - kobold
Aim: a kobold, wielding a +0 dagger and quivering stones (100% to hit)
You miscast Magic Dart.
You are very lightly contaminated with residual magic.
Nothing appears to happen.
A ball python comes into view.
The kobold hits you with a +0 dagger.
You hit the kobold. You burn the kobold.
The kobold is heavily wounded.
The kobold hits you with a +0 dagger.
* * * LOW HITPOINT WARNING * * *
You closely miss the kobold.
The kobold is heavily wounded.
The kobold hits you with a +0 dagger.
* * * LOW HITPOINT WARNING * * *
The jackal bites you.
* * * LOW HITPOINT WARNING * * *
The kobold hits you with a +0 dagger.
* * * LOW HITPOINT WARNING * * *
You closely miss the kobold. Your headbutt misses the kobold.
The kobold is heavily wounded.
The jackal closely misses you. The kobold closely misses you.
The jackal bites you.
You die...

#.# .... #
#.#.... .
...... #
#.#.. #S..
#S. #K# .#
#@# ###
#.# #h# .h
..# #.#
#.# .h #.#
#.# #.# h#
#.# #.#
#†# #.#
#.# #.#
#.##..
#.#####.#
#.#..
#.......#
#.#.#
..####..##
#.#.#


You could see a jackal, 2 ball pythons and a kobold.

Vanquished Creatures
  A giant cockroach (D:1)
  A jackal (D:1)
  2 kobolds (D:1)
  A ball python (D:1)
  A bat (D:1)
  A frilled lizard (D:1)
  2 rats (D:1)
9 creatures vanquished.

Notes
Turn   | Place    | Note
-------+----------+-------------------------------------------
     0 | D:1      | javelincjr the Demonspawn Hedge Wizard began the quest for
                  | the Orb.
     0 | D:1      | Reached XP level 1. HP: 13/13 MP: 4/4
   201 | D:1      | Reached skill level 1 in Translocations
   359 | D:1      | Discovered your monstrous ancestry.
   359 | D:1      | Gained mutation: You have a pair of small horns on your
                  | head. [demonic ancestry]
   359 | D:1      | Reached XP level 2. HP: 13/20 MP: 1/6
   364 | D:1      | HP: 1/20 [kobold/+0 dagger (1)]
   365 | D:1      | Slain by a jackal

Illustrated notes

Levels and vault maps discovered:
D:1:      minmay_arrival_diagonal_passages, layout_basic

Skill      XL: |  1 |
---------------+----+-----
Translocations | 1 |  1.0
Fighting       | |  0.5
Armour         | |  0.3
Dodging        | |  1.8
Stealth        | |  1.7
Spellcasting   | |  3.1
Conjurations   | |  1.1
Summonings     | |  1.1

Action                   || total
-------------------------++-------
Melee: Dagger            ||     8
       Whip              ||     6
 Cast: Magic Dart        ||    18
Armor: Robe              ||     3
Dodge: Dodged            ||    12
